 Dungeon Crawl Stone Soup version 0.25.0-37-gb73750e0fb (webtiles) character file.

Game seed: 12452532154615483086

14 Descartes the Grave Robber (level 2, 0/11 HPs)
             Began as a Felid Wanderer on July 8, 2020.
             Slain by a goblin (4 damage)
             ... on level 2 of the Dungeon.
             The game lasted 00:03:44 (1114 turns).

Descartes the Grave Robber (Felid Wanderer)         Turns: 1114, Time: 00:03:45

Health: 0/11       AC:  1    Str: 10    XL:     2   Next: 31%
Magic:  4/4        EV: 15    Int: 11    God:
Gold:   45         SH:  0    Dex: 21    Spells: 0/3 levels left
                                        Lives:  0   Deaths: 0

rFire    . . .     SeeInvis +     - Unarmed
rCold    . . .     Gourm    .   (shield unavailable)
rNeg     . . .     Faith    .   (armour unavailable)
rPois    .         Spirit   .   (helmet unavailable)
rElec    .         Reflect  .   (cloak unavailable)
rCorr    .         Harm     .   (gloves unavailable)
MR       +....                  (boots unavailable)
Stlth    +++.......             (no amulet)
HPRegen  0.03/turn              d - ring of protection from magic
MPRegen  0.09/turn              h - +6 ring of dexterity

@: quick
A: very small, no armour, no weapons or thrown items, stealth, claws 1, fangs 3,
see invisible, carnivore, speed 1, shaggy fur 1, slow metabolism 1, sharp paws
a: no special abilities


You were on level 2 of the Dungeon.
You were completely stuffed.

You visited 1 branch of the dungeon, and saw 2 of its levels.

You collected 45 gold pieces.

Inventory:

Missiles
 b - 20 stones
 k - 16 arrows
Jewellery
 d - a ring of protection from magic (left paw)
 h - a +6 ring of dexterity (right paw)
Scrolls
 a - a scroll of immolation {unknown}
 e - 2 scrolls of fog {unknown}
 f - a scroll of enchant weapon {unknown}
 g - a scroll of identify {unknown}
 i - a scroll of random uselessness {unknown}
 j - a scroll of blinking {unknown}
Potions
 l - 2 potions of curing {unknown}
 m - a potion of magic {unknown}
Comestibles
 c - 3 rations


   Skills:
 + Level 2.0 Stealth
 * Level 1.3 Unarmed Combat
 + Level 1.3 Spellcasting
 - Level 1.5 Hexes
   Level 4.0 Necromancy
 - Level 3.0 Translocations
   Level 1.1 Evocations


You couldn't memorise any spells.
You knew the following spells:

 Your Spells              Type           Power        Failure   Level  Hunger
a - Apportation           Tloc           #.....       9%          1    ##.....
b - Ensorcelled Hibernat  Hex/Ice        #.....       34%         2    ###....

Your spell library contained the following spells:

 Spells                   Type           Power        Failure   Level  Hunger
 Corona                   Hex            #......      17%         1    ##.....
 Gell's Gravitas          Tloc           #.........   26%         3    ####...
 Confusing Touch          Hex            #.......     45%         3    ####...
 Tukima's Dance           Hex            #.......     45%         3    ####...
 Dazzling Flash           Conj/Hex       #.....       56%         3    ####...


Dungeon Overview and Level Annotations

Branches:
Dungeon (2/15)

Altars:


Innate Abilities, Weirdness & Mutations

You cannot wear armour.
You are incapable of wielding weapons or throwing items.
Your paws allow you to move quietly. (Stealth)
You have sharp claws.
You have razor-sharp teeth.
You have supernaturally acute eyesight. (SInv)
You are carnivorous and can eat meat at any time.
You cover ground quickly.
You are covered in fur. (AC +1)
You have a slow metabolism.
Your sharp claws are effective at attacking unaware monsters.


Message History

The goblin hits you.
You are too injured to fight recklessly!
You are too injured to fight recklessly!
You are too injured to fight recklessly!
You barely miss the goblin.
The goblin is heavily wounded.
The goblin misses you.
You barely miss the goblin.
The goblin is heavily wounded.
The goblin barely misses you.
You closely miss the goblin.
The goblin is heavily wounded.
The goblin hits you but does no damage.
You closely miss the goblin.
The goblin is heavily wounded.
The bat hits you. The goblin misses you.
You scratch the goblin but do no damage.
The goblin is heavily wounded.
The bat barely misses you. The bat closely misses you. The goblin hits you.
You die...

##########
#........#
#....†...##+########
#........#.........#
#..................#
######.......@gb...#
#....(........#
#.....$.......#
#..(.++########
#....# ####.# #.#
#.# #.#


You could see a goblin and a bat.

Vanquished Creatures
  A dart slug (D:1)
  A goblin (D:1)
  2 hobgoblins
  A jackal (D:1)
  3 frilled lizards
  4 kobolds
  A rat (D:1)
13 creatures vanquished.

Notes
Turn   | Place    | Note
-------+----------+-------------------------------------------
     0 | D:1      | Descartes the Felid Wanderer began the quest for the Orb.
     0 | D:1      | Descartes set off with the following items: a ration; and
                  | the following spells available to memorise: Apportation,
                  | Corona, Ensorcelled Hibernation, Gell's Gravitas, Confusing
                  | Touch, Tukima's Dance, Dazzling Flash
     0 | D:1      | Reached XP level 1. HP: 7/7 MP: 3/3
     2 | D:1      | Learned a level 1 spell: Apportation
   440 | D:1      | Reached skill level 1 in Unarmed Combat
   450 | D:1      | Reached XP level 2. HP: 8/11 MP: 4/4
  1014 | D:2      | Learned a level 2 spell: Ensorcelled Hibernation
  1114 | D:2      | Slain by a goblin

Illustrated notes

Levels and vault maps discovered:
D:1:      dpeg_arrival_orchard, layout_basic, st_stairs_1
D:2:      cheibrodos_old_hovel, layout_basic

Skill      XL: |  1  2 |
---------------+-------+-----
Unarmed Combat | 1 |  1.3
Stealth        | 2 |  2.0
Spellcasting   | |  1.3
Hexes          | |  1.5
Necromancy     | |  4.0
Translocations | |  3.0
Evocations     | |  1.1

Action                   || total
-------------------------++-------
Melee: Unarmed           ||    42
       Bite              ||     2
 Stab: Sleeping          ||     4
  Eat: Chunk             ||     8
Armor: Skin              ||     3
Dodge: Dodged            ||    28
